 Dungeon Crawl Stone Soup version 0.21.1-1-g345015f (webtiles) character file.

511 letownia2 the Magician (level 7, -3/46 HPs)
             Began as a Merfolk Wizard on Mar 18, 2018.
             Slain by Buddybad's ghost (11 damage)
             ... on level 3 of the Dungeon.
             The game lasted 00:08:59 (1500 turns).

letownia2 the Magician (Merfolk Wizard)             Turns: 1500, Time: 00:09:00

Health: -3/46      AC:  2    Str: 10    XL:     7   Next: 19%
Magic:  4/14       EV: 13    Int: 17    God:
Gold:   135        SH:  0    Dex: 12    Spells: 5/16 levels left

rFire    . . .     SeeInvis .   a - +2 dagger (protect)
rCold    . . .     Gourm    .   (no shield)
rNeg     . . .     Faith    .   m - +0 robe
rPois    .         Spirit   .   b - +0 hat
rElec    .         Reflect  .   (no cloak)
rCorr    .         Harm     .   (no gloves)
MR       .....                  (no boots)
Stlth    ++........             (no amulet)
HPRegen  0.15/turn              (no ring)
MPRegen  0.14/turn              (no ring)

@: no status effects
A: change form in water, swift swim, stealthy swim
a: no special abilities


You were on level 3 of the Dungeon.
You were hungry.

You visited 1 branch of the dungeon, and saw 5 of its levels.
You also visited: Sewer.

You collected 135 gold pieces.

Inventory:

Hand Weapons
 a - a +2 dagger of protection (weapon)
 e - a +0 short sword
 n - a +0 trident
 v - a +2 mace of protection
Armour
 b - a +0 hat (worn)
 g - a +0 leather armour
 m - a +0 robe (worn)
 s - a +0 buckler
 w - a +0 leather armour
Scrolls
 h - 2 scrolls of teleportation {unknown}
 i - 2 scrolls of amnesia {unknown}
 j - a scroll of magic mapping {unknown}
 o - a scroll of fear {unknown}
 p - a scroll of enchant armour {unknown}
 q - a scroll of identify {unknown}
 u - a scroll of remove curse {unknown}
 x - a scroll of random uselessness {unknown}
Potions
 f - a potion of curing
 l - a potion of berserk rage {unknown}
 r - a potion of degeneration {unknown}
 t - a potion of might {unknown}
Books
 c - a book of Minor Magic

   Spells                             Type                      Level
   a - Magic Dart                     Conjuration                  1
   b - Blink                          Translocation                2
   c - Call Imp                       Summoning                    2
   d - Slow                           Hexes                        2
   e - Conjure Flame                  Conjuration/Fire             3
   f - Mephitic Cloud                 Conjuration/Poison/Air       3
Comestibles
 d - 2 rations


   Skills:
 - Level 2.6 Dodging
 - Level 2.1 Stealth
 + Level 5.2 Spellcasting
 - Level 2.4 Conjurations
 - Level 2.3 Summonings
 - Level 0.7 Translocations
 - Level 1.4 Fire Magic
 - Level 1.6 Air Magic
 - Level 2.3 Poison Magic


You had 5 spell levels left.
You knew the following spells:

 Your Spells              Type           Power        Failure   Level  Hunger
a - Magic Dart            Conj           ##..         5%          1    None
b - Blink                 Tloc           N/A          16%         2    #......
c - Conjure Flame         Conj/Fire      ##......     19%         3    ###....
e - Mephitic Cloud        Conj/Pois/Air  ##......     17%         3    ###....
i - Call Imp              Summ           ##......     9%          2    #......


Dungeon Overview and Level Annotations

Branches:
Dungeon (5/15)
 Temple: D:4-7

Altars:
Ashenzari
Qazlal
Ru
Uskayaw

Annotations:
D:3 Buddybad's ghost, weakling HOFi


Message History

The worker ant bites you!
* * * LOW HITPOINT WARNING * * *
* * * LOW HITPOINT WARNING * * *
You feel sick.
Your magical contamination has completely faded away.
Unknown command.
It was a potion of curing.
You feel better.
The worker ant waves its antennae.
The worker ant closely misses you. The worker ant bites you.
* * * LOW HITPOINT WARNING * * *
Unknown command.
Unknown command.
Buddybad's ghost shouts, "You must not fail where I succeeded!"
Your crimson imp hits the worker ant but does no damage.
Your crimson imp blinks!
Your crimson imp blinks!
There is a stone staircase leading up here.
Buddybad's ghost hits you!
You die...

.......#.###...........#
#####....## #..........# #
#....5###..........# #
#..##...##.........# #
##.....#......##..#.# #
##..###........##....# # #
#...#######...r.....##.#
###...#........a...(......
##..#.#.#####..W@.........
...>....# #...........#.
........# ##............_.
........###..........#.#.#
..#.....##...#####...# ..
..#..........# #........
..#.....##...# .......
..#.....##<.## #...##..
<.#.....##..# ..### ..


You could see a worker ant, Buddybad's ghost, a quokka and a friendly crimson
imp.

Vanquished Creatures
  Sigmund (D:3)
  A howler monkey (D:4)
  2 hounds (D:4)
  An orc priest (D:4)
  3 orc wizards (D:4)
  A worker ant (D:4)
  A howler monkey zombie (D:5)
  3 adders
  4 oozes (Sewer)
  3 worms
  A leopard gecko (D:4)
  3 orcs (D:4)
  2 ball pythons
  A bat (D:4)
  A goblin (D:2)
  2 hobgoblins
  2 kobolds (D:2)
  A quokka (D:4)
  A frilled lizard (Sewer)
  A quokka skeleton (D:4)
  2 rats (D:2)
37 creatures vanquished.

Vanquished Creatures (collateral kills)
  Natasha (D:3)
  2 adders (D:3)
  An ooze (Sewer)
  A dart slug (D:3)
  A bat (D:3)
  A frilled lizard (D:3)
7 creatures vanquished.

Vanquished Creatures (others)
  An orc wizard (D:4)
1 creature vanquished.

Grand Total: 45 creatures vanquished

Notes
Turn   | Place    | Note
-------+----------+-------------------------------------------
     0 | D:1      | letownia2 the Merfolk Wizard began the quest for the Orb.
     0 | D:1      | Reached XP level 1. HP: 13/13 MP: 4/4
    52 | D:2      | Reached skill level 1 in Conjurations
    86 | D:2      | Reached XP level 2. HP: 12/19 MP: 0/6
    91 | D:2      | Learned a level 2 spell: Call Imp
   349 | D:3      | Reached XP level 3. HP: 19/24 MP: 0/7
   354 | D:3      | Learned a level 3 spell: Mephitic Cloud
   417 | D:3      | Noticed Natasha
   437 | D:4      | Found a shattered altar of Ashenzari.
   523 | D:3      | Killed Natasha
   531 | D:3      | Reached XP level 4. HP: 30/30 MP: 1/8
   538 | D:3      | Found a hide-covered altar of Uskayaw.
   564 | D:4      | Noticed an earth elemental
   568 | D:4      | Noticed a water elemental
   570 | D:4      | Found a stormy altar of Qazlal.
   585 | D:5      | Entered Level 5 of the Dungeon
   674 | D:4      | Learned a level 3 spell: Conjure Flame
   689 | D:4      | Found a sacrificial altar of Ru.
   737 | D:4      | Reached skill level 1 in Poison Magic
   851 | D:3      | Noticed Sigmund
   863 | D:3      | Killed Sigmund
   863 | D:3      | Reached skill level 1 in Fire Magic
   863 | D:3      | Reached skill level 1 in Air Magic
   863 | D:3      | Reached XP level 5. HP: 27/35 MP: 6/10
   863 | D:3      | Reached XP level 6. HP: 32/41 MP: 6/11
   874 | D:4      | Found a glowing drain.
   891 | Sewer    | Entered a sewer
  1162 | D:4      | Noticed a phantom
  1165 | D:4      | Reached skill level 4 in Spellcasting
  1264 | D:4      | Learned a level 2 spell: Blink
  1375 | D:4      | Reached XP level 7. HP: 43/46 MP: 1/14
  1383 | D:4      | Reached skill level 5 in Spellcasting
  1393 | D:4      | Noticed a fire elemental
  1406 | D:4      | Noticed an air elemental
  1470 | D:3      | Noticed Buddybad's ghost (weakling HOFi)
  1478 | D:3      | HP: 2/46 [worker ant (8)]
  1500 | D:3      | Slain by Buddybad's ghost

Skill      XL: |  1  2  3  4  5  6  7 |
---------------+----------------------+-----
Conjurations   | 1 2 |  2.4
Summonings     | 2 |  2.3
Poison Magic   | 2 |  2.3
Fire Magic     | 1 |  1.4
Air Magic      | 1 |  1.6
Spellcasting   | 4 5 |  5.2
Dodging        | |  2.6
Stealth        | |  2.1
Translocations | |  0.7

Action                   |  1- 3 |  4- 6 |  7- 9 || total
-------------------------+-------+-------+-------++-------
Melee: Short sword       |    10 |    24 |       ||    34
       Dagger            |       |   104 |    27 ||   131
       Trident           |       |     6 |       ||     6
       Tailslap          |       |     1 |       ||     1
Throw: Throwing net      |       |     1 |     1 ||     2
 Cast: Magic Dart        |    31 |    17 |     2 ||    50
       Call Imp          |     5 |     3 |     1 ||     9
       Mephitic Cloud    |       |     9 |     2 ||    11
       Conjure Flame     |       |     4 |       ||     4
  Use: Potion            |       |       |     1 ||     1
 Stab: Confused          |       |     7 |     1 ||     8
       Paralysed         |       |     1 |       ||     1
       Sleeping          |       |     1 |       ||     1
       Held in net/web   |       |     1 |       ||     1
  Eat: Chunk             |       |     3 |       ||     3
Armor: Robe              |     2 |    28 |     3 ||    33
Dodge: Dodged            |     8 |    70 |    18 ||    96
